 Dungeon Crawl Stone Soup version 0.22-a0-322-g60b3cfd (webtiles) character file.

3104 sankara the Arsonist (level 9, -4/47 HPs)
             Began as a Deep Elf Fire Elementalist on Apr 3, 2018.
             Was a Follower of Sif Muna.
             Slain by a wraith (9 damage)
             ... in an ossuary.
             The game lasted 00:36:47 (9051 turns).

sankara the Arsonist (Deep Elf Fire Elementalist)   Turns: 9051, Time: 00:36:48

Health: -4/47      AC:  3    Str:  5    XL:     9   Next: 59%
Magic:  19/22      EV: 13    Int: 27    God:    Sif Muna [*.....]
Gold:   308        SH:  5    Dex: 15    Spells: 10/23 levels left

rFire    + . .     SeeInvis .   a - +7 mace of Ruyhodwo {flame, Fragile rElec Int+3}
rCold    . . .     Gourm    +   s - +0 buckler
rNeg     . . .     Faith    .   H - +0 robe {MR+}
rPois    .         Spirit   .   (no helmet)
rElec    +         Reflect  .   J - +0 cloak
rCorr    .         Harm     .   (no gloves)
MR       ++...                  (no boots)
Stlth    +++.......             C - amulet of the gourmand {Gourm, !d}
HPRegen  0.15/turn              r - ring of protection from magic {MR+, !d}
MPRegen  0.18/turn              h - ring of protection from fire {rF+, !d}

@: about to teleport, slowed, drained, divine energy, very slow
A: no striking features
a: Stop Divine Energy, Renounce Religion


You were in an ossuary.
You worshipped Sif Muna.
Sif Muna was aware of your devotion.
You were very full.

You visited 2 branches of the dungeon, and saw 9 of its levels.
You also visited: Ossuary.

You collected 308 gold pieces.

Inventory:

Hand Weapons
 a - the +7 mace of Ruyhodwo (weapon) {flame, Fragile rElec Int+3}
   (You found it on level 7 of the Dungeon)

   It has been specially enchanted to burn those struck by it, causing extra
   injury to most foes and up to half again as much damage against particularly
   susceptible opponents.
   It affects your intelligence (+3).
   It insulates you from electricity.
   It will be destroyed if unequipped.
 G - a +0 dagger
   (You found it on level 1 of the Dungeon)
 L - a +0 whip of electrocution
   (You took it off Pikel on level 6 of the Dungeon)
Missiles
 e - 66 sling bullets
 f - 2 throwing nets {=f, !d}
 x - 8 curare-tipped needles
Armour
 s - a +0 buckler (worn)
   (You found it on level 3 of the Dungeon)
 H - a +0 robe of magic resistance (worn)
   (You took it off Pikel on level 6 of the Dungeon)
 J - a +0 cloak (worn)
   (You took it off Crazy Yiuf on level 7 of the Dungeon)
Magical Staves
 y - an uncursed staff of earth
   (You found it on level 5 of the Dungeon)
Jewellery
 h - a ring of protection from fire (right hand) {rF+, !d}
   (You found it on level 7 of the Dungeon)
 r - a ring of protection from magic (left hand) {MR+, !d}
   (You took it off a hobgoblin on level 3 of the Dungeon)
 C - an amulet of the gourmand (around neck) {Gourm, !d}
   (You found it on level 6 of the Dungeon)
 E - an uncursed ring of positive energy {rN+}
   (You found it on level 6 of the Dungeon)
Wands
 d - a wand of disintegration (4)
   (You found it on level 2 of the Dungeon)
 n - a wand of enslavement (14)
   (You took it off an orc on level 3 of the Dungeon)
 u - a wand of flame (5)
   (You found it on level 5 of the Dungeon)
 D - a wand of random effects (19)
   (You found it on level 6 of the Dungeon)
 I - a wand of digging (10)
   (You found it on level 7 of the Dungeon)
 M - a wand of paralysis (12)
   (You found it in an ossuary)
 N - a wand of acid (7)
   (You found it in an ossuary)
Scrolls
 g - 2 scrolls of magic mapping {unknown}
 i - a scroll of enchant armour {unknown}
 j - a scroll of teleportation
 k - 3 scrolls of amnesia {unknown}
 l - 3 scrolls of remove curse
 o - a scroll of immolation {unknown}
 q - 2 scrolls of fear {unknown}
 z - 3 scrolls of enchant weapon {unknown}
 F - 2 scrolls of fog {unknown}
 K - a scroll of silence {unknown}
Potions
 b - a potion of lignification {!q}
 m - 2 potions of flight
 p - 4 potions of curing
 t - a potion of cancellation {unknown}
 v - a potion of brilliance {unknown}
 w - a potion of haste {unknown}
 A - a potion of might
 B - 2 potions of agility {unknown}
Comestibles
 c - 18 rations


   Skills:
 + Level 1.3(1.1) Fighting
 + Level 3.3(3.2) Dodging
 - Level 4.0(3.8) Stealth
 - Level 4.0(3.8) Shields
 + Level 7.9(7.7) Spellcasting
 + Level 7.9(7.7) Conjurations
 + Level 8.7(8.5) Fire Magic
 - Level 2.0(1.9) Evocations


You had 10 spell levels left.
You knew the following spells:

 Your Spells              Type           Power        Failure   Level  Hunger
a - Flame Tongue          Conj/Fire      #####        1%          1    None
b - Sticky Flame          Conj/Fire      ######..     1%          4    ##.....
c - Conjure Flame         Conj/Fire      ######..     1%          3    None
f - Fireball              Conj/Fire      ######....   5%          5    ####...


Dungeon Overview and Level Annotations

Branches:
Dungeon (8/15)             Temple (1/1) D:7
   Lair: D:8-11

Altars:
Ashenzari
Cheibriados
Elyvilon
Fedhas
Hepliaklqana
Kikubaaqudgha
Makhleb
Nemelex Xobeh
Okawaru
Qazlal
Ru
Sif Muna
Trog
Vehumet
Wu Jian
Xom
Yredelemnul
Zin

Shops:
D:6 [

Annotations:
D:3 Amnesiac's ghost, amateur OpAE; Ijyb; Sigmund


Message History

The flame tongue hits the wraith.
The wraith is almost destroyed.
The wraith hits you. The wraith drains your vigour!
You feel as though you will be slow longer.
Casting: Flame Tongue (safe; 1% risk of failure)
Confirm with . or Enter, or press ? or * to list all spells.
Aiming: Flame Tongue (safe; 1% risk of failure)
Press: ? - help, Shift-Dir - straight line, f/p - wraith
Aim: a wraith (almost destroyed)
The flame tongue hits the wraith.
The wraith appears unharmed.
The wraith is almost destroyed.
The wraith hits you! The wraith drains your vigour!
You feel as though you will be slow longer.
The wraith barely misses you.
Casting: Flame Tongue (safe; 1% risk of failure)
Confirm with . or Enter, or press ? or * to list all spells.
Aiming: Flame Tongue (safe; 1% risk of failure)
Press: ? - help, Shift-Dir - straight line, f/p - wraith
Aim: a wraith (almost destroyed)
The flame tongue hits the wraith.
You destroy the wraith!
Sif Muna accepts your kill.
You can now request divine energy to cast spells with insufficient magic.
There is an open door here.
You close the door.
Sif Muna will now grant you divine energy when your reserves of magic are depleted.
You will briefly lose access to your magic after casting a spell in this manner.
You start resting.
You feel yourself speed up.
You start resting.
Magic restored.
HP restored.
You open the door.
There is an open door here.
The flying skull gives a hideous shriek!
You open the door.
A wight comes into view. It is wielding a hand axe.
There is an open door here.
Casting: Flame Tongue (safe; 1% risk of failure)
Confirm with . or Enter, or press ? or * to list all spells.
Aiming: Sticky Flame (safe; 1% risk of failure)
Press: ? - help, Shift-Dir - straight line, f - wight
Aim: a wight, wielding a hand axe and wearing a robe (resting)
The sticky flame hits the wight.
The wight is moderately damaged.
The wight is covered in liquid flames!
The wight burns!
The wight hits you with a hand axe.
You feel drained. Sif Muna accepts your kill.
You feel a bit more experienced.
There is an open door here.
Things that are here:
a hand axe; a robe You start resting.
HP restored.
Magic restored.
There is an open door here.
You open the door.
A wraith comes into view.
There is an open door here.
Casting: Sticky Flame (safe; 1% risk of failure)
Confirm with . or Enter, or press ? or * to list all spells.
Okay, then.
The helpless wraith fails to defend itself.
You hit the wraith. You burn the wraith.
The wraith is lightly damaged.
The wraith hits you! The wraith drains your vigour!
You feel yourself slow down.
Casting: Sticky Flame (safe; 1% risk of failure)
Confirm with . or Enter, or press ? or * to list all spells.
Aiming: Sticky Flame (safe; 1% risk of failure)
Press: ? - help, Shift-Dir - straight line, f - wraith
Aim: a wraith (lightly damaged)
The sticky flame hits the wraith.
The wraith is moderately damaged.
The wraith hits you. The wraith drains your vigour!
You feel as though you will be slow longer.
Casting: Sticky Flame (safe; 1% risk of failure)
Confirm with . or Enter, or press ? or * to list all spells.
Aiming: Flame Tongue (safe; 1% risk of failure)
Press: ? - help, Shift-Dir - straight line, f/p - wraith
Aim: a wraith (moderately damaged)
The flame tongue hits the wraith.
The wraith is heavily damaged.
The wraith hits you! The wraith drains your vigour!
You feel as though you will be slow longer.
The wraith hits you!
* * * LOW HITPOINT WARNING * * *
The wraith drains your vigour!
You feel as though you will be slow longer.
Casting: Flame Tongue (safe; 1% risk of failure)
Confirm with . or Enter, or press ? or * to list all spells.
Okay, then.
The wraith closely misses you. You block the wraith's attack.
The wraith hits you!
* * * LOW HITPOINT WARNING * * *
As you read the scroll of teleportation, it crumbles to dust.
You feel strangely unstable. The wraith closely misses you.
The wraith hits you!
You die...

#################
#.. ............#
#.+ #..# #..##'.#
#.# #..# #..#.#.#
#.###..###..###.#
#...............#
##.###.......###.#
.'.#z#.......#z#W#
##.###.......###@#
#...............#
#.###..###..###.#
#.#.#..#z#..#)#.#
#.'##..###..##'.#
#...............#
#################


You could see a wraith.

Vanquished Creatures
  Pikel (D:6)
  A spriggan (D:7)
  A wraith (Ossuary)
  3 ice beasts
  3 slaves (D:6)
  2 orc warriors
  2 black bears
  An ogre (D:8)
  4 centaurs (D:7)
  3 bullfrogs
  A scorpion (D:6)
  3 killer bees (D:7)
  2 wights (Ossuary)
  A bullfrog zombie (D:6)
  3 crimson imps
  A bullfrog skeleton (D:7)
  3 hounds
  An orc priest (D:6)
  2 centaur skeletons
  3 orc wizards
  Crazy Yiuf (D:7)
  Jessica (D:3)
  An iguana (D:7)
  4 worker ants
  A hound skeleton (D:5)
  A mummy (D:8)
  A worker ant zombie (D:7)
  6 gnolls
  A howler monkey skeleton (D:6)
  4 adders
  2 shadow imps
  An adder zombie (Ossuary)
  An adder skeleton (D:6)
  2 worms (D:5)
  A dart slug (D:2)
  4 leopard geckos
  28 orcs
  3 giant cockroaches
  5 hobgoblins
  8 jackals
  A ball python (D:1)
  2 ball python skeletons (Ossuary)
  6 bats
  7 frilled lizards
  2 hobgoblin zombies (Ossuary)
  4 kobolds
  3 leopard gecko skeletons
  3 orc skeletons (Ossuary)
  7 rats
152 creatures vanquished.

Notes
Turn   | Place    | Note
-------+----------+-------------------------------------------
     0 | D:1      | sankara the Deep Elf Fire Elementalist began the quest for the Orb.
     0 | D:1      | Reached XP level 1. HP: 10/10 MP: 6/6
   374 | D:1      | Reached XP level 2. HP: 15/15 MP: 6/8
  1064 | D:2      | Noticed a crimson imp
  1258 | D:2      | Reached skill level 2 in Conjurations
  1271 | D:2      | Killed a crimson imp
  1271 | D:2      | Reached skill level 3 in Stealth
  1271 | D:2      | Reached skill level 4 in Fire Magic
  1271 | D:2      | Reached XP level 3. HP: 19/19 MP: 8/10
  1459 | D:3      | Noticed Jessica
  1466 | D:2      | Learned a level 3 spell: Conjure Flame
  1629 | D:3      | Killed Jessica
  1629 | D:3      | Reached XP level 4. HP: 24/24 MP: 8/11
  1739 | D:3      | Noticed Amnesiac's ghost (amateur OpAE)
  1770 | D:2      | Learned a level 4 spell: Sticky Flame
  2020 | D:3      | Noticed Ijyb
  2190 | D:3      | Reached skill level 3 in Conjurations
  2190 | D:3      | Reached XP level 5. HP: 28/28 MP: 7/12
  2274 | D:3      | HP: 6/28 [Amnesiac's ghost (5)]
  2718 | D:3      | Reached skill level 1 in Evocations
  2724 | D:3      | Noticed Sigmund
  3325 | D:4      | Reached skill level 4 in Spellcasting
  3325 | D:4      | Reached skill level 5 in Fire Magic
  3360 | D:4      | Reached XP level 6. HP: 32/32 MP: 11/14
  3387 | D:4      | Learned a level 5 spell: Fireball
  3466 | D:5      | Entered Level 5 of the Dungeon
  3629 | D:5      | Reached skill level 1 in Shields
  4569 | D:6      | Noticed an ice beast
  4571 | D:6      | Reached skill level 4 in Stealth
  4571 | D:6      | Reached skill level 4 in Conjurations
  4579 | D:6      | Killed an ice beast
  4579 | D:6      | Reached skill level 2 in Evocations
  4579 | D:6      | Reached XP level 7. HP: 36/36 MP: 0/15
  4982 | D:6      | Reached skill level 6 in Fire Magic
  5122 | D:6      | Found Vatest's Armour Shop.
  5241 | D:5      | Reached skill level 2 in Shields
  5371 | D:6      | Reached skill level 5 in Spellcasting
  5512 | D:6      | Reached skill level 5 in Conjurations
  5637 | D:6      | Reached XP level 8. HP: 35/41 MP: 10/18
  5995 | D:6      | Noticed Pikel
  6440 | D:6      | Killed Pikel
  6440 | D:6      | Reached skill level 6 in Spellcasting
  6440 | D:6      | Reached skill level 6 in Conjurations
  6440 | D:6      | Reached skill level 7 in Fire Magic
  6589 | D:7      | Reached skill level 3 in Shields
  6805 | D:7      | Reached skill level 7 in Conjurations
  6805 | D:7      | Reached skill level 8 in Fire Magic
  6805 | D:7      | Reached XP level 9. HP: 38/45 MP: 9/21
  7155 | D:7      | Reached skill level 7 in Spellcasting
  7173 | D:7      | Found a staircase to the Ecumenical Temple.
  7182 | Temple   | Entered the Ecumenical Temple
  7410 | Temple   | Became a worshipper of Sif Muna the Loreminder
  8098 | D:7      | Reached skill level 4 in Shields
  8102 | D:7      | Found a shattered altar of Ashenzari.
  8238 | D:7      | Found a runed door.
  8357 | D:7      | Noticed Crazy Yiuf
  8360 | D:7      | Killed Crazy Yiuf
  8437 | D:7      | Got an encrusted mace
  8471 | D:8      | Identified the +7 mace of Ruyhodwo {flame, Fragile rElec Int+3} (You found it on level 7 of the Dungeon)
  8590 | D:8      | Found a sand-covered staircase.
  8597 | D:8      | Reached skill level 3 in Dodging
  8599 | Ossuary  | Entered an ossuary
  8723 | Ossuary  | Reached skill level 1 in Fighting
  8911 | Ossuary  | Reached * piety under Sif Muna
  9049 | Ossuary  | HP: 5/47 [wraith (9)]
  9051 | Ossuary  | Slain by a wraith

Vault maps used:
D:1:      saegor_arrival_under_anarchy, minmay_misc_feat_tiny,
          minmay_pentomino_p4
D:3:      uniq_jessica, uniq_ijyb, uniq_sigmund
D:4:      first_ration
D:5:      minmay_checkerbox
D:6:      serial_shops, shop, uniq_pikel
D:7:      minmay_temple_entry_statues_pillars, the_bakery, lemuel_centaur_altar,
          uniq_crazy_yiuf_cottage
D:8:      gup_ossuary_entry_pyramid
Temple:   dpeg_five_rooms_temple
Ossuary:  ossuary_due_cavern

Skill      XL: |  1  2  3  4  5  6  7  8  9 |
---------------+----------------------------+-----
Conjurations   | 2 3 4 5 7 |  7.9
Stealth        | 3 4 |  4.0
Fire Magic     | 4 5 6 8 |  8.7
Evocations     | 1 2 |  2.0
Spellcasting   | 4 5 6 7 |  7.9
Shields        | 1 2 3 4 |  4.0
Dodging        | 3 |  3.3
Fighting       | 1 |  1.3

Action                   |  1- 3 |  4- 6 |  7- 9 || total
-------------------------+-------+-------+-------++-------
Melee: Dagger            |       |     4 |       ||     4
       Mace              |       |       |     1 ||     1
 Cast: Flame Tongue      |    39 |    97 |   129 ||   265
       Sticky Flame      |       |     7 |    15 ||    22
       Conjure Flame     |       |     6 |     6 ||    12
       Fireball          |       |       |    24 ||    24
Invok: Divine Energy     |       |       |     1 ||     1
Evoke: Wand              |     4 |       |     3 ||     7
  Use: Scroll            |       |       |    11 ||    11
 Stab: Sleeping          |       |     2 |     1 ||     3
  Eat: Chunk             |     2 |    11 |    31 ||    44
Armor: Robe              |     3 |    10 |     4 ||    17
Dodge: Dodged            |     8 |    45 |    50 ||   103
Block: Buckler           |       |       |     9 ||     9

Table legend:
 A = Spawn XP
 B = Non-spawn XP
 C = Spawn XP percentage of total XP
 D = Spawn monster count
 E = Non-spawn monster count
 F = Spawn count percentage of total count
 G = Total turns spent on level
                    A         B        C        D         E        F      G
               +---------+---------+-------+---------+---------+-------+---------
         Total |       0 |    4435 |   0.0 |       0 |     149 |   0.0 |  9051
               +---------+---------+-------+---------+---------+-------+---------
           D:1 |       0 |      20 |   0.0 |       0 |      15 |   0.0 |   823
           D:2 |       0 |      68 |   0.0 |       0 |      14 |   0.0 |  1314
           D:3 |       0 |     146 |   0.0 |       0 |      22 |   0.0 |   765
           D:4 |       0 |     149 |   0.0 |       0 |      10 |   0.0 |   659
           D:5 |       0 |     308 |   0.0 |       0 |      20 |   0.0 |  1318
           D:6 |       0 |    1589 |   0.0 |       0 |      26 |   0.0 |  1874
           D:7 |       0 |    1460 |   0.0 |       0 |      25 |   0.0 |  1456
           D:8 |       0 |     361 |   0.0 |       0 |       6 |   0.0 |   111
       Ossuary |       0 |     334 |   0.0 |       0 |      11 |   0.0 |   452
               +---------+---------+-------+---------+---------+-------+---------

Vault maps used:
D:1:      saegor_arrival_under_anarchy, minmay_misc_feat_tiny,
          minmay_pentomino_p4
D:3:      uniq_jessica, uniq_ijyb, uniq_sigmund
D:4:      first_ration
D:5:      minmay_checkerbox
D:6:      serial_shops, shop, uniq_pikel
D:7:      minmay_temple_entry_statues_pillars, the_bakery, lemuel_centaur_altar,
          uniq_crazy_yiuf_cottage
D:8:      gup_ossuary_entry_pyramid
Temple:   dpeg_five_rooms_temple
Ossuary:  ossuary_due_cavern

Table legend:
 A = Turns spent in this place as a percentage of turns spent in the entire game.
 B = Non-inter-level travel turns spent in this place as a percentage of non-inter-level travel turns spent in the entire game.
 C = Inter-level travel turns spent in this place as a percentage of turns spent in this place.
 D = Turns resting spent in this place as a percentage of non-inter-level travel turns spent in this place.
 E = Turns spent auto-exploring this place as a percentage of non-inter-level travel turns spent in this place.
 F = Non-inter-level travel turns spent in this place divided by the number of levels of this place that you've seen.
                   A       B       C       D       E      F
               +-------+-------+-------+-------+-------+----------------------
         Total | 100.0 | 100.0 |   3.6 |  36.5 |  41.8 | 872.3
       Dungeon |  91.9 |  92.2 |   3.4 |  36.3 |  41.4 | 1005.1
        Temple |   3.1 |   2.6 |  17.6 |   0.0 |  97.4 | 230.0
       Ossuary |   5.0 |   5.2 |   0.0 |  58.0 |  19.7 | 452.0
               +-------+-------+-------+-------+-------+----------------------

Table legend:
 A = Kills in this place as a percentage of kills in entire the game.
 B = Kills by you in this place as a percentage of kills by you in the entire game.
 C = Kills by friends in this place as a percentage of kills by friends in the entire game.
 D = Other kills in this place as a percentage of other kills in the entire game.
 E = Experience gained in this place as a percentage of experience gained in the entire game.
 F = Experience gained in this place divided by the number of levels of this place that you have seen.
                   A       B       C       D       E      F
               +-------+-------+-------+-------+-------+----------------------
         Total | 100.0 | 100.0 |   N/A |   N/A | 100.0 | 443.5
       Dungeon |  92.6 |  92.6 |   N/A |   N/A |  92.5 | 512.6
       Ossuary |   7.4 |   7.4 |   N/A |   N/A |   7.5 | 334.0
               +-------+-------+-------+-------+-------+----------------------
